Map: Ulrena

Players

zidar - Winner!

  • Race: Zerg Zerg
  • League: Gold
  • Spawn Location: 11:00

Sakko

  • Race: Zerg Zerg
  • League: Gold
  • Spawn Location: 7:00

VOD

Have the link to the VOD?

Description

Time

  • Played on: July 7, 2016, 2:33 p.m.
  • Length: 7:02
Show
View Real Time Build Order
Export as new Build Order

zidar Zerg - Winner!

Build Orders: 1 Base Baneling Bust, Pool First, Zergling Baneling 

Get SALT Encoding   

  12  0:03  Drone  
  13  0:14  Extractor  
  13  0:16  Drone x2  
  14  0:35  Spawning Pool  
  14  0:39  Drone  
  14  0:46  Overlord  
  14  0:57  Overlord  
  14  1:22  Queen  
  14  1:24  Drone  
  14  1:25  Zergling x4  
  18  1:32  Metabolic Boost  
  19  1:43  Drone  
  20  1:48  Zergling x2  
  21  1:59  Zergling x2  
  22  2:09  Zergling x2  
  23  2:19  Zergling x2  
  24  2:34  Zergling x2  
  24  2:35  Zergling x6  
  28  3:05  Zergling x4  
  30  3:08  Overlord  
  30  3:09  Overlord x2  
  20  3:39  Zergling x6  
  23  3:57  Baneling Nest  
  23  3:58  Hatchery  
  21  4:04  Zergling x4  
  23  4:13  Zergling x4  
  23  4:14  Zergling x2  
  23  4:17  Queen  
  28  4:28  Zergling x4  
  29  4:56  Baneling  
  29  4:57  Baneling x9  
  29  5:01  Zergling x8  
  23  5:38  Zergling x2  
  23  5:39  Zergling x12  
  29  5:50  Zergling x2  
  29  5:51  Zergling x6  
  33  5:59  Zergling x6  
  33  6:01  Zergling x2  
  37  6:15  Baneling x6  
  37  6:18  Baneling  
  37  6:19  Baneling  
Show
View Real Time Build Order
Export as new Build Order

Sakko Zerg 

Build Orders: Pool First 

Get SALT Encoding   

  12  0:01  Drone  
  13  0:13  Overlord  
  13  0:18  Drone  
  14  0:35  Spawning Pool  
  13  0:38  Drone  
  14  0:45  Drone  
  14  0:48  Drone  
  16  1:11  Hatchery  
  16  1:14  Drone  
  16  1:19  Drone x2  
  18  1:26  Extractor  
  18  1:27  Drone  
  18  1:37  Queen  
  20  1:40  Drone  
  21  1:49  Extractor  
  21  1:53  Drone  
  21  1:59  Drone  
  22  2:14  Overlord  
  22  2:22  Spine Crawler  
  21  2:30  Overlord x2  
  21  2:34  Spine Crawler  
  21  2:35  Overlord  
  21  2:36  Zergling x2  
  21  2:42  Zergling x2  
  22  2:44  Metabolic Boost  
  22  2:51  Zergling x4  
  24  2:52  Zergling x2  
  24  2:55  Drone  
  26  3:10  Drone  
  26  3:11  Drone x2  
  26  3:12  Drone  
  29  3:20  Spine Crawler  
  29  3:21  Zergling x2  
  29  3:22  Zergling x2  
  24  3:27  Zergling x2  
  24  3:32  Drone  
  26  3:55  Zergling x6  
  28  3:56  Zergling x6  
  32  4:11  Lair  
  32  4:18  Roach Warren, Drone  
  31  4:25  Zergling x2  
  31  4:26  Zergling x2  
  33  4:36  Drone x2  
  33  4:37  Drone  
  36  4:40  Drone  
  37  4:50  Queen  
  39  4:54  Drone  
  39  4:58  Drone  
  41  5:00  Drone  
  42  5:08  Queen  
  42  5:12  Drone  
  45  5:14  Drone  
  45  5:16  Drone  
  26  5:37  Drone x5  
  31  5:50  Baneling Nest  
  30  6:05  Drone x4  
  33  6:25  Spine Crawler x2  
  32  6:26  Spine Crawler  
  32  6:28  Spine Crawler  
  32  6:30  Drone x3  
  32  6:31  Spire  
  32  6:32  Drone  
  30  6:43  Zergling x8  
Tags
 
Add a new tag
Caveats
  • Supply blocks, unpowered buildings, or Contaminate may cause inaccurate times.
  • Supply counts are checked every 10 seconds.